 Dungeon Crawl Stone Soup version 0.19.1 (webtiles) character file.

1307 HessuHobo the Cleaver (level 8, -7/65 HPs)
             Began as a Minotaur Berserker on Dec 28, 2016.
             Was an Elder of Trog.
             Mangled by HessuHobo's ghost (13 damage)
             ... on level 6 of the Dungeon.
             The game lasted 00:08:31 (5940 turns).

HessuHobo the Cleaver (Minotaur Berserker)          Turns: 5940, Time: 00:08:32

Health: -7/65      AC:  4    Str: 31    XL:     8   Next: 32%
Magic:  7/7        EV: 13    Int:  4    God:    Trog [****..]
Gold:   280        SH:  0    Dex: 10    Spells: 0 memorised, 7 levels left

rFire  . . .     SeeInvis .     t - +0 war axe
rCold  . . .     Gourm    .     b - +0 animal skin
rNeg   . . .     Faith    .     (no shield)
rPois  .         Spirit   .     (helmet restricted)
rElec  .         Reflect  .     (no cloak)
rCorr  .         Harm     .     C - +0 pair of gloves {Str+3}
MR     .....                    (no boots)
Stlth  +.........               (no amulet)
                                j - +4 ring of strength
                                i - +1 ring of protection

@: exhausted, slowed, very slow
A: retaliatory headbutt, horns 2, frail 1, mutation resistance 1
a: Berserk, Trog's Hand, Brothers in Arms, Burn Spellbooks, Renounce Religion


You were on level 6 of the Dungeon.
You worshipped Trog.
Trog was greatly pleased with you.
You were very hungry.

You visited 1 branch of the dungeon, and saw 6 of its levels.

You collected 280 gold pieces.

Inventory:

Hand Weapons
 a - a +0 hand axe
 t - a +0 war axe (weapon)
Armour
 b - a +0 animal skin (worn)
 C - a +0 pair of gloves of strength (worn)
Jewellery
 i - a +1 ring of protection (left hand)
 j - a +4 ring of strength (right hand)
 n - an uncursed amulet of regeneration {unknown}
 r - an uncursed ring of positive energy {unknown}
 y - a +3 ring of protection
Wands
 z - a wand of random effects (25/48)
Scrolls
 e - a scroll of blinking {unknown}
 f - a scroll of random uselessness {unknown}
 g - 5 scrolls of teleportation {unknown}
 l - a scroll of immolation {unknown}
 m - 6 scrolls of identify {unknown}
 o - 8 scrolls of remove curse {unknown}
 q - 3 scrolls of fear {unknown}
 s - a scroll of magic mapping {unknown}
 w - a scroll of amnesia {unknown}
 B - a scroll of noise {unknown}
Potions
 h - 5 potions of curing
 k - a potion of mutation
 p - 2 potions of flight
 u - a potion of brilliance {unknown}
 v - a potion of magic {unknown}
 x - a potion of ambrosia {unknown}
 A - a potion of agility {unknown}
 G - a potion of heal wounds
 H - a potion of degeneration {unknown}
Books
 D - a book of Minor Magic

   Spells                             Type                      Level
   a - Magic Dart                     Conjuration                  1
   b - Blink                          Translocation                2
   c - Call Imp                       Summoning                    2
   d - Repel Missiles                 Charms/Air                   2
   e - Slow                           Hexes                        2
   f - Conjure Flame                  Conjuration/Fire             3
   g - Mephitic Cloud                 Conjuration/Poison/Air       3
   Trog disapproves of the use of such an item.
 F - a book of Changes

   Spells                             Type                      Level
   a - Beastly Appendage              Transmutation                1
   b - Sticks to Snakes               Transmutation                2
   c - Spider Form                    Transmutation/Poison         3
   d - Ice Form                       Ice/Transmutation            4
   e - Blade Hands                    Transmutation                5
   Trog disapproves of the use of such an item.
Comestibles
 c - 7 bread rations
 d - 2 meat rations
 E - a chunk of flesh


   Skills:
 + Level 7.2 Fighting
 + Level 9.7 Axes
 + Level 2.7 Armour
 + Level 4.7 Dodging
 + Level 1.2 Stealth


You had 7 spell levels left.
You didn't know any spells.

Dungeon Overview and Level Annotations

Branches:
Dungeon (6/15)
 Temple: D:4-7

Altars:

Portals:
Sewer: D:5

Annotations:
D:5 2 exclusions
D:6 HessuHobo's ghost, novice MiBe


Innate Abilities, Weirdness & Mutations

You reflexively headbutt those who attack you in melee.
You have a pair of horns on your head.
You are frail. (-10% HP)
You are somewhat resistant to further mutation.


Message History

You are exhausted.
You feel yourself slow down.
You feel better. HessuHobo's ghost hits you.
* * * LOW HITPOINT WARNING * * *
You feel much better. HessuHobo's ghost hits you!
You closely miss HessuHobo's ghost.
HessuHobo's ghost is severely damaged.
HessuHobo's ghost hits you! x2
You closely miss HessuHobo's ghost. Your headbutt misses HessuHobo's ghost.
HessuHobo's ghost is severely damaged.
HessuHobo's ghost hits you.
You slash HessuHobo's ghost! You headbutt HessuHobo's ghost.
HessuHobo's ghost is almost destroyed.
HessuHobo's ghost hits you. HessuHobo's ghost hits you!
* * * LOW HITPOINT WARNING * * *
You completely miss HessuHobo's ghost.
HessuHobo's ghost is almost destroyed.
HessuHobo's ghost misses you. HessuHobo's ghost hits you!
You die...

#. ... #.## .##...>###
.....+..####.........#####
#...#....................
#...#....................
###...#......... ..........
#........#########........
#.........<#.....#....###..
#...#>........@W......'.'..
#...##.......(......†.###..
#...##.#.......#'#####....
#...##.###.#....... .(..
#......# #........... ...
#......# #............. ..
####...# #.....#'##.... .
#......###.....#.# ....
#................. ... ....


You could see HessuHobo's ghost.

Vanquished Creatures
  The ghost of RedPan the Gusty, an amateur DEAE (D:4)
  2 ogres (D:4)
  A bullfrog (D:5)
  A scorpion (D:6)
  2 howler monkeys
  A crimson imp (D:6)
  2 orc priests
  A hound (D:4)
  A gnoll shaman (D:5)
  Crazy Yiuf (D:2)
  2 bullfrog skeletons
  Natasha (D:3)
  6 orc wizards
  6 worker ants
  Robin (D:3)
  7 gnolls
  8 adders
  2 oozes (D:1)
  3 worms
  An adder skeleton (D:5)
  2 dart slugs
  3 leopard geckos
  16 orcs
  7 bats
  16 goblins
  9 hobgoblins
  10 jackals
  4 kobolds
  3 quokkas
  A ball python (D:1)
  10 frilled lizards
  11 rats
142 creatures vanquished.

Notes
Turn   | Place    | Note
-------+----------+-------------------------------------------
     0 | D:1      | HessuHobo the Minotaur Berserker began the quest for the Orb.
     0 | D:1      | Reached XP level 1. HP: 19/19 MP: 0/0
    37 | D:1      | Reached skill level 4 in Axes
    37 | D:1      | Reached XP level 2. HP: 21/27 MP: 1/1
   818 | D:2      | Reached XP level 3. HP: 34/34 MP: 2/2
   824 | D:2      | Reached ** piety under Trog
  1304 | D:2      | Reached XP level 4. HP: 41/41 MP: 3/3
  1483 | D:2      | Found a runed door.
  1739 | D:2      | Noticed Crazy Yiuf
  1741 | D:2      | Killed Crazy Yiuf
  1741 | D:2      | Reached skill level 5 in Axes
  1809 | D:3      | Reached skill level 5 in Fighting
  2513 | D:3      | Noticed Robin
  2520 | D:3      | Reached XP level 5. HP: 39/48 MP: 4/4
  2523 | D:3      | Reached *** piety under Trog
  2524 | D:3      | Killed Robin
  3116 | D:3      | Gained mutation: You are frail. (-10% HP) [potion of mutation]
  3116 | D:3      | Gained mutation: You are somewhat resistant to further mutation. [potion of mutation]
  3301 | D:3      | Noticed Natasha
  3305 | D:3      | Killed Natasha
  3354 | D:3      | Reached skill level 6 in Axes
  3384 | D:3      | Reached XP level 6. HP: 39/50 MP: 5/5
  3775 | D:4      | Noticed RedPan's ghost (amateur DEAE)
  3784 | D:4      | Killed RedPan's ghost
  3784 | D:4      | Reached skill level 7 in Axes
  3784 | D:4      | Reached skill level 1 in Stealth
  3888 | D:4      | Reached XP level 7. HP: 56/56 MP: 6/6
  4360 | D:4      | Reached **** piety under Trog
  4544 | D:4      | Reached skill level 8 in Axes
  5213 | D:5      | Entered Level 5 of the Dungeon
  5320 | D:5      | Reached skill level 9 in Axes
  5320 | D:5      | Reached XP level 8. HP: 63/63 MP: 7/7
  5366 | D:5      | Found a glowing drain.
  5850 | D:6      | Received a gift from Trog
  5912 | D:6      | Noticed HessuHobo's ghost (novice MiBe)
  5940 | D:6      | Mangled by HessuHobo's ghost

Skill      XL: |  1  2  3  4  5  6  7  8 |
---------------+-------------------------+-----
Axes           | 4 5 6 7 9 |  9.7
Fighting       | 4 5 6 7 |  7.2
Dodging        | 3 4 |  4.7
Stealth        | 1 |  1.2
Armour         | |  2.7

Action                   |  1- 3 |  4- 6 |  7- 9 || total
-------------------------+-------+-------+-------++-------
Melee: Hand axe          |    79 |   102 |     4 ||   185
       Headbutt          |    11 |    21 |    12 ||    44
       War axe           |       |       |   111 ||   111
Invok: Berserk           |     1 |     4 |     4 ||     9
       Burn Spellbooks   |       |     1 |       ||     1
  Use: Potion            |       |     5 |     2 ||     7
 Stab: Sleeping          |       |     1 |       ||     1
  Eat: Chunk             |     2 |     5 |     9 ||    16
       Meat ration       |       |     1 |       ||     1
       Pizza             |       |     1 |       ||     1
Armor: Animal skin       |    13 |    27 |    16 ||    56
Dodge: Dodged            |    53 |    59 |    81 ||   193
